SNL (28 & UNDER)
KEY WEST BARRACUDAS @ SANTA FE DIABLOS
07/07/2029
 
TOP OF THE 1ST
Key West Barracudas batting - Pitching for Santa Fe Diablos : LHP Manuel Reyes
Pitching: LHP Manuel Reyes
Batting: SHB Luis Manuel López 0-0: Swinging Strike
0-1: Foul Ball, location: 2F
0-2: Ball
1-2: Ball
2-2: SOLO HOME RUN (Flyball, 7LD), Distance : 332 ft
Batting: RHB Chris Adams 0-0: Ball
1-0: Ball
2-0: Ball
3-0: Base on Balls
Batting: LHB Domingo Ledesma 0-0: Ball
1-0: Swinging Strike
1-1: Called Strike
1-2: Ball
2-2: Strikes out swinging
Batting: SHB Héctor Jiménez 0-0: Ball
1-0: Called Strike
1-1: SINGLE (Line Drive, 6D)
Chris Adams to second
Batting: SHB Rodney Birling 0-0: Called Strike
0-1: Ball
1-1: Ball
2-1: Ball
3-1: Swinging Strike
3-2: Base on Balls
Chris Adams to third
Héctor Jiménez to second
Batting: SHB Jacob Knapp 0-0: Foul Ball, location: 2F
0-1: Foul Ball, location: 2F
0-2: Ball
1-2: SINGLE (Groundball, 56D)
Chris Adams scores
Héctor Jiménez to third
Rodney Birling to second
Batting: RHB Jorge Hernández 0-0: Fly out, F8 (Flyball, 8LM)
Batting: LHB Mauro Díaz 0-0: Ball
1-0: Called Strike
1-1: Foul Ball, location: 2F
1-2: Ground out 4-3 (Groundball, 4)
Top of the 1st over - 2 runs, 3 hits, 0 errors, 3 left on base; Key West 2 - Santa Fe 0
BOTTOM OF THE 1ST
Santa Fe Diablos batting - Pitching for Key West Barracudas : RHP Gabe Lewis
Pitching: RHP Gabe Lewis
Batting: LHB David Hernández 0-0: Ball
1-0: Called Strike
1-1: Swinging Strike
1-2: Fly out, F8 (Flyball, 8LD)
Batting: RHB Flint Todd 0-0: Called Strike
0-1: Ball
1-1: Foul Ball, location: 2F
1-2: Fly out, F8 (Flyball, 8LS)
Batting: RHB Ray Ervin 0-0: Foul Ball, location: 2F
0-1: SINGLE (Line Drive, 6MD)
Batting: LHB Arturo Rodledo Pickoff Throw to First - Out!
Bottom of the 1st over - 0 runs, 1 hit, 0 errors, 0 left on base; Key West 2 - Santa Fe 0
TOP OF THE 2ND
Key West Barracudas batting - Pitching for Santa Fe Diablos : LHP Manuel Reyes
Batting: LHB Juan Lima 0-0: Ball
1-0: Foul Ball, location: 2F
1-1: Called Strike
1-2: Foul Ball, location: 2F
1-2: Foul Ball, location: 2F
1-2: Strikes out looking
Batting: SHB Luis Manuel López 0-0: Called Strike
0-1: Ball
1-1: Ball
2-1: SINGLE (Groundball, 6M) (infield hit)
Batting: RHB Chris Adams 0-0: Called Strike
0-1: Foul Ball, location: 2F
0-2: SINGLE (Groundball, 56D)
Luis Manuel López to second
Luis Manuel López to third
Batting: LHB Domingo Ledesma 0-0: Foul Ball, location: 2F
0-1: Ball
Wild Pitch!
Luis Manuel López scores
Chris Adams to second
1-1: Swinging Strike
1-2: Ground out 5-3 (Groundball, 2L)
Chris Adams to third
Batting: SHB Héctor Jiménez 0-0: Foul Ball, location: 2F
0-1: Ball
1-1: Ball
2-1: DOUBLE (Flyball, 78D)
Chris Adams scores
Batting: SHB Rodney Birling 0-0: Foul Ball, location: 2F
0-1: Foul Ball, location: 2F
0-2: Ball
1-2: Strikes out looking
Top of the 2nd over - 2 runs, 3 hits, 0 errors, 1 left on base; Key West 4 - Santa Fe 0
BOTTOM OF THE 2ND
Santa Fe Diablos batting - Pitching for Key West Barracudas : RHP Gabe Lewis
Batting: LHB Arturo Rodledo 0-0: Called Strike
0-1: Ball
1-1: Foul Ball, location: 2F
1-2: Fly out, F8 (Flyball, 8RS)
Batting: LHB Merrill Erickson 0-0: Called Strike
0-1: DOUBLE (Line Drive, 78XD)
Batting: LHB Luis Torres 0-0: Ball
1-0: Ball
2-0: Ball
3-0: Foul Ball, location: 2F
3-1: Hit by Pitch
Batting: RHB Chris Rice 0-0: Ball
1-0: Ball
2-0: Ball
3-0: Base on Balls
Merrill Erickson to third
Luis Torres to second
Batting: RHB Frank Martínez 0-0: Called Strike
0-1: Ball
1-1: Ball
2-1: Fly out, F8 (Flyball, 8LS)
Runner from 3rd tags up, SCORES, no throw
Batting: RHB Clarence Robertson 0-0: Called Strike
0-1: Ball
1-1: Swinging Strike
1-2: Ball
2-2: Ball
3-2: Foul Ball, location: 2F
3-2: Strikes out swinging
Bottom of the 2nd over - 1 run, 1 hit, 0 errors, 2 left on base; Key West 4 - Santa Fe 1
TOP OF THE 3RD
Key West Barracudas batting - Pitching for Santa Fe Diablos : LHP Manuel Reyes
Batting: SHB Jacob Knapp 0-0: Ball
1-0: Ball
2-0: Ball
3-0: Called Strike
3-1: Base on Balls
Batting: RHB Jorge Hernández 0-0: Ball
1-0: Ball
2-0: Foul Ball, location: 2F
2-1: Swinging Strike
2-2: Foul Ball, location: 2F
2-2: Ball
3-2: Base on Balls
Jacob Knapp to second
Batting: LHB Mauro Díaz 0-0: Ball
1-0: Called Strike
1-1: Ball
2-1: Swinging Strike
2-2: Foul Ball, location: 2F
2-2: Foul Ball, location: 2F
2-2: Foul Ball, location: 2F
2-2: Strikes out swinging
Batting: LHB Juan Lima 0-0: Swinging Strike
0-1: Grounds into double play, 4-6-3 (Groundball, 34)
Top of the 3rd over - 0 runs, 0 hits, 0 errors, 1 left on base; Key West 4 - Santa Fe 1
BOTTOM OF THE 3RD
Santa Fe Diablos batting - Pitching for Key West Barracudas : RHP Gabe Lewis
Pitching: RHP Sean Flynn
Batting: LHB David Hernández 0-0: Swinging Strike
0-1: Called Strike
0-2: Ball
1-2: Ball
2-2: Ball
3-2: Base on Balls
Batting: RHB Flint Todd 0-0: Ball
1-0: Foul Ball, location: 2F
1-1: Foul Ball, location: 2F
1-2: Foul Ball, location: 2F
1-2: Ball
2-2: Fly out, F9 (Flyball, 9)
Batting: RHB Ray Ervin 0-0: Ball
1-0: Foul Ball, location: 2F
1-1: Ball
2-1: Fly out, F7 (Flyball, 78D)
Batting: LHB Arturo Rodledo 0-0: Called Strike
David Hernández steals 2nd base
0-1: Foul Ball, location: 2F
0-2: Ground out U3 (Groundball, 34S)
Bottom of the 3rd over - 0 runs, 0 hits, 0 errors, 1 left on base; Key West 4 - Santa Fe 1
TOP OF THE 4TH
Key West Barracudas batting - Pitching for Santa Fe Diablos : LHP Manuel Reyes
Batting: SHB Luis Manuel López 0-0: Ground out 1-3 (Groundball, P)
Batting: RHB Chris Adams 0-0: Called Strike
0-1: Swinging Strike
0-2: SINGLE (Groundball, 34D)
Batting: LHB Domingo Ledesma 0-0: Called Strike
0-1: Ground out 5-3 (Groundball, 2L)
Chris Adams to second
Batting: SHB Héctor Jiménez 0-0: Ball
1-0: Foul Ball, location: 2F
1-1: Foul Ball, location: 2F
1-2: Ball
2-2: Strikes out swinging
Top of the 4th over - 0 runs, 1 hit, 0 errors, 1 left on base; Key West 4 - Santa Fe 1
BOTTOM OF THE 4TH
Santa Fe Diablos batting - Pitching for Key West Barracudas : RHP Sean Flynn
Batting: LHB Merrill Erickson 0-0: Ball
1-0: Ground out 1-3 (Groundball, 15)
Batting: LHB Luis Torres 0-0: Ball
1-0: Ball
2-0: Ground out 5-3 (Groundball, 56)
Batting: RHB Chris Rice 0-0: Ball
1-0: Swinging Strike
1-1: Swinging Strike
1-2: Foul Ball, location: 2F
1-2: Strikes out looking
Bottom of the 4th over - 0 runs, 0 hits, 0 errors, 0 left on base; Key West 4 - Santa Fe 1
TOP OF THE 5TH
Key West Barracudas batting - Pitching for Santa Fe Diablos : LHP Manuel Reyes
Pitching: LHP Juan Parrot
Batting: SHB Rodney Birling 0-0: Called Strike
0-1: Ball
1-1: Ball
2-1: Foul Ball, location: 2F
2-2: Fly out, F7 (Flyball, 7LM)
Batting: SHB Jacob Knapp 0-0: Fly out, F9 (Flyball, 9LSF)
Batting: RHB Jorge Hernández 0-0: Called Strike
0-1: Fly out, F3 (Popup, 3F)
Top of the 5th over - 0 runs, 0 hits, 0 errors, 0 left on base; Key West 4 - Santa Fe 1
BOTTOM OF THE 5TH
Santa Fe Diablos batting - Pitching for Key West Barracudas : RHP Sean Flynn
Batting: RHB Frank Martínez 0-0: Ball
1-0: Called Strike
1-1: Fly out, F9 (Line Drive, 9LD)
Batting: RHB Clarence Robertson 0-0: Foul Ball, location: 2F
0-1: Swinging Strike
0-2: Strikes out looking
Batting: LHB David Hernández 0-0: Called Strike
0-1: Ball
1-1: Ball
2-1: Ball
3-1: Foul Ball, location: 2F
3-2: Base on Balls
Batting: RHB Flint Todd 0-0: DOUBLE (Flyball, 8RXD)
David Hernández to third
Runner from 3rd tries for Home, SAFE, no throw
Batting: RHB Ray Ervin 0-0: Ball
1-0: Ball
2-0: Ball
3-0: Base on Balls
Batting: LHB Arturo Rodledo 0-0: Called Strike
0-1: DOUBLE (Line Drive, 7LS)
Flint Todd scores
Ray Ervin to third
Runner from 3rd tries for Home, SAFE, no throw
Batting: LHB Merrill Erickson 0-0: Foul Ball, location: 2F
0-1: Ball
1-1: Ball
2-1: SINGLE (Groundball, 4MD)
Arturo Rodledo to third
Runner from 3rd tries for Home, SAFE, no throw
Batting: LHB Luis Torres 0-0: Ball
1-0: Hit by Pitch
Merrill Erickson to second
Batting: RHB Chris Rice 0-0: Ball
1-0: Ball
2-0: Ball
3-0: Base on Balls
Merrill Erickson to third
Luis Torres to second
Batting: RHB Frank Martínez 0-0: SINGLE (Line Drive, 6MD)
Merrill Erickson scores
Luis Torres to third
Chris Rice to second
Runner from 3rd tries for Home, SAFE, no throw
Pitching: RHP Mathew Wilcox
Batting: RHB Clarence Robertson 0-0: Ball
1-0: Swinging Strike
1-1: Ball
2-1: Called Strike
2-2: Fly out, F7 (Flyball, 7LM)
Bottom of the 5th over - 6 runs, 4 hits, 0 errors, 2 left on base; Key West 4 - Santa Fe 7
TOP OF THE 6TH
Key West Barracudas batting - Pitching for Santa Fe Diablos : LHP Juan Parrot
Batting: LHB Mauro Díaz 0-0: Ground out 1-3 (Groundball, 13)
Batting: LHB Juan Lima 0-0: Ball
1-0: Ball
2-0: Called Strike
2-1: Foul Ball, location: 2F
2-2: Strikes out swinging
Batting: SHB Luis Manuel López 0-0: Ball
1-0: Ball
2-0: Foul Ball, location: 2F
2-1: SINGLE (Groundball, 6MD)
Batting: RHB Chris Adams 0-0: Ball
Wild Pitch!
Luis Manuel López to second
1-0: Ground out 4-3 (Groundball, 4MS)
Top of the 6th over - 0 runs, 1 hit, 0 errors, 1 left on base; Key West 4 - Santa Fe 7
BOTTOM OF THE 6TH
Santa Fe Diablos batting - Pitching for Key West Barracudas : RHP Mathew Wilcox
Batting: LHB David Hernández 0-0: Ball
1-0: Called Strike
1-1: Ball
2-1: Called Strike
2-2: Foul Ball, location: 2F
2-2: Fly out, F6 (Popup, P)
Batting: RHB Flint Todd 0-0: Ball
1-0: Foul Ball, location: 2F
1-1: Swinging Strike
1-2: Strikes out swinging
Batting: RHB Ray Ervin 0-0: Called Strike
0-1: Ball
1-1: Foul Ball, location: 2F
1-2: Strikes out swinging
Bottom of the 6th over - 0 runs, 0 hits, 0 errors, 0 left on base; Key West 4 - Santa Fe 7
TOP OF THE 7TH
Key West Barracudas batting - Pitching for Santa Fe Diablos : LHP Juan Parrot
Batting: LHB Domingo Ledesma 0-0: Ball
1-0: Ground out 3-1 (Groundball, 34)
Batting: SHB Héctor Jiménez 0-0: Called Strike
0-1: Swinging Strike
0-2: Ball
1-2: Reached on error, E3 (Groundball, 3L)
Batting: SHB Rodney Birling 0-0: Called Strike
0-1: Ball
1-1: DOUBLE (Line Drive, 7LD)
Héctor Jiménez to third
Batting: SHB Jacob Knapp 0-0: Foul Ball, location: 2F
0-1: Foul Ball, location: 2F
0-2: DOUBLE (Flyball, 8RXD)
Héctor Jiménez scores
Rodney Birling scores
Pitching: RHP Ted Stuart
Pinch Hitting: SHB Eric Pimentel 0-0: Called Strike
0-1: Ball
1-1: Fly out, F7 (Flyball, 78M)
Batting: LHB Mauro Díaz 0-0: Ball
1-0: Called Strike
1-1: Foul Ball, location: 2F
1-2: Foul Ball, location: 2F
1-2: Ball
2-2: Reached on error, E9 (Flyball, 9S)
Jacob Knapp scores
Batting: LHB Juan Lima 0-0: Foul Ball, location: 2F
0-1: Ball
1-1: Ball
2-1: Called Strike
2-2: Ball
3-2: Strikes out swinging
Top of the 7th over - 3 runs, 2 hits, 2 errors, 1 left on base; Key West 7 - Santa Fe 7
BOTTOM OF THE 7TH
Santa Fe Diablos batting - Pitching for Key West Barracudas : RHP Mathew Wilcox
Now in LF: Rob DeWitt
Batting: LHB Arturo Rodledo 0-0: Called Strike
0-1: Swinging Strike
0-2: Foul Ball, location: 2F
0-2: Ground out 4-3 (Groundball, 4)
Batting: LHB Merrill Erickson 0-0: Foul Ball, location: 2F
0-1: Called Strike
0-2: Fly out, F5 (Popup, 56)
Batting: LHB Luis Torres 0-0: Swinging Strike
0-1: Ball
1-1: SINGLE (Line Drive, 6MD)
Pinch Hitting: LHB Juan Torres 0-0: Ball
1-0: Swinging Strike
1-1: Swinging Strike
1-2: Ball
2-2: Foul Ball, location: 2F
2-2: Fly out, F9 (Flyball, 9)
Bottom of the 7th over - 0 runs, 1 hit, 0 errors, 1 left on base; Key West 7 - Santa Fe 7
TOP OF THE 8TH
Key West Barracudas batting - Pitching for Santa Fe Diablos : RHP Ted Stuart
Now in LF: Juan Torres
Batting: SHB Luis Manuel López 0-0: Fly out, F8 (Flyball, 89D)
Batting: RHB Chris Adams 0-0: Fly out, F3 (Popup, 3S)
Batting: LHB Domingo Ledesma 0-0: Foul Ball, location: 2F
0-1: Ball
1-1: Foul Ball, location: 2F
1-2: Ball
2-2: Ball
3-2: Base on Balls
Batting: SHB Héctor Jiménez 0-0: Swinging Strike
0-1: Foul Ball, location: 2F
0-2: Ball
1-2: Ball
2-2: Foul Ball, location: 2F
2-2: Strikes out looking
Top of the 8th over - 0 runs, 0 hits, 0 errors, 1 left on base; Key West 7 - Santa Fe 7
BOTTOM OF THE 8TH
Santa Fe Diablos batting - Pitching for Key West Barracudas : RHP Mathew Wilcox
Pinch Hitting: LHB Michael Barrett 0-0: Called Strike
0-1: Foul Ball, location: 2F
0-2: Foul Ball, location: 2F
0-2: Strikes out swinging, 2-3 out at first.
Batting: RHB Clarence Robertson 0-0: Foul Ball, location: 2F
0-1: Fly out, F8 (Flyball, 8RS)
Batting: LHB David Hernández 0-0: Called Strike
0-1: Ground out 4-3 (Groundball, 34)
Bottom of the 8th over - 0 runs, 0 hits, 0 errors, 0 left on base; Key West 7 - Santa Fe 7
TOP OF THE 9TH
Key West Barracudas batting - Pitching for Santa Fe Diablos : RHP Ted Stuart
Pitching: RHP Héctor Rodríguez
Now at 2B: Todd Oliver
Pinch Hitting: RHB Domingo Hernández 0-0: Called Strike
0-1: Swinging Strike
0-2: Hit by Pitch
Batting: SHB Jacob Knapp 0-0: Ball
1-0: Swinging Strike
1-1: Foul Ball, location: 2F
1-2: Strikes out swinging
Batting: RHB Rob DeWitt 0-0: Fielders Choice at 2nd, 4-6 (Groundball, 4)
Batting: LHB Mauro Díaz 0-0: Ball
1-0: Ball
2-0: Called Strike
2-1: Foul Ball, location: 2F
2-2: Foul Ball, location: 2F
2-2: Strikes out swinging
Top of the 9th over - 0 runs, 0 hits, 0 errors, 1 left on base; Key West 7 - Santa Fe 7
BOTTOM OF THE 9TH
Santa Fe Diablos batting - Pitching for Key West Barracudas : RHP Mathew Wilcox
Now at 3B: John Smith
Batting: RHB Flint Todd 0-0: Called Strike
0-1: Ball
1-1: Foul Ball, location: 2F
1-2: Ball
2-2: Reached on error, E7 (Flyball, 7D)
Batting: RHB Ray Ervin 0-0: SINGLE (Line Drive, 7LM)
Flint Todd to second
Runner from 2nd tries for 3rd, SAFE, no throw
Batting: LHB Arturo Rodledo 0-0: Ball
1-0: Ball
2-0: Ball
3-0: Base on Balls
Ray Ervin to second
Batting: LHB Merrill Erickson 0-0: Ball
1-0: Grounds into fielders choice 5-2 (Groundball, 56)
Ray Ervin to third
Arturo Rodledo to second
Batting: LHB Luis Torres 0-0: Grounds into double play, 3-2-3 (Groundball, 3L)
Bottom of the 9th over - 0 runs, 1 hit, 1 error, 2 left on base; Key West 7 - Santa Fe 7
TOP OF THE 10TH
Key West Barracudas batting - Pitching for Santa Fe Diablos : RHP Héctor Rodríguez
Batting: LHB Juan Lima 0-0: Swinging Strike
0-1: Foul Ball, location: 2F
0-2: Ball
1-2: Foul Ball, location: 2F
1-2: Foul Ball, location: 2F
1-2: Ball
2-2: Foul Ball, location: 2F
2-2: Fly out, F9 (Flyball, 9)
Batting: SHB Luis Manuel López 0-0: Called Strike
0-1: Called Strike
0-2: Foul Ball, location: 2F
0-2: Ball
1-2: Foul Ball, location: 2F
1-2: Ball
2-2: SINGLE (Groundball, 6D)
Batting: RHB Chris Adams 0-0: Foul Ball, location: 2F
0-1: Grounds into double play, 1-6-3 (Groundball, P)
Top of the 10th over - 0 runs, 1 hit, 0 errors, 0 left on base; Key West 7 - Santa Fe 7
BOTTOM OF THE 10TH
Santa Fe Diablos batting - Pitching for Key West Barracudas : RHP Mathew Wilcox
Pitching: RHP Gerald Núñez
Batting: LHB Juan Torres 0-0: Called Strike
0-1: Ball
1-1: Ball
2-1: Foul Ball, location: 2F
2-2: Ball
3-2: Base on Balls
Pinch Runner at 1st Chris Deem:
Pinch Hitting: RHB Mike Martin 0-0: Ball
1-0: Fly out, F7 (Flyball, 78D)
Pinch Hitting: SHB Ángel Díaz 0-0: Ball
Chris Deem is caught stealing 2nd base
1-0: Foul Ball, location: 2F
1-1: Ball
2-1: Foul Ball, location: 2F
2-2: SINGLE (Flyball, 78S)
Batting: LHB David Hernández 0-0: Ball
Ángel Díaz steals 2nd base
1-0: Foul Ball, location: 2F
1-1: Fly out, F9 (Flyball, 9)
Bottom of the 10th over - 0 runs, 1 hit, 0 errors, 1 left on base; Key West 7 - Santa Fe 7
TOP OF THE 11TH
Key West Barracudas batting - Pitching for Santa Fe Diablos : RHP Héctor Rodríguez
Pitching: RHP Tomás Marte
Now at C: Adam Reeves
Now at 2B: Chris Deem
Now in LF: Ángel Díaz
Batting: LHB Domingo Ledesma 0-0: Ball
1-0: Ball
2-0: Foul Ball, location: 2F
2-1: Ground out 4-3 (Groundball, 4M)
Batting: SHB Héctor Jiménez 0-0: Ball
1-0: Ball
2-0: Foul Ball, location: 2F
2-1: Foul Ball, location: 2F
2-2: Fly out, F8 (Flyball, 89D)
Batting: RHB John Smith 0-0: Ball
1-0: Called Strike
1-1: Ball
2-1: Fly out, F7 (Flyball, 7S)
Top of the 11th over - 0 runs, 0 hits, 0 errors, 0 left on base; Key West 7 - Santa Fe 7
BOTTOM OF THE 11TH
Santa Fe Diablos batting - Pitching for Key West Barracudas : RHP Gerald Núñez
Batting: RHB Flint Todd 0-0: Ball
1-0: Called Strike
1-1: Called Strike
1-2: Fly out, F9 (Flyball, 89XD)
Batting: RHB Ray Ervin 0-0: Called Strike
0-1: Ball
1-1: Foul Ball, location: 2F
1-2: Foul Ball, location: 2F
1-2: Fly out, F8 (Flyball, 8LS)
Batting: LHB Arturo Rodledo 0-0: Called Strike
0-1: Ball
1-1: Ball
2-1: Foul Ball, location: 2F
2-2: Ball
3-2: Ground out 6-3 (Groundball, 6)
Bottom of the 11th over - 0 runs, 0 hits, 0 errors, 0 left on base; Key West 7 - Santa Fe 7
TOP OF THE 12TH
Key West Barracudas batting - Pitching for Santa Fe Diablos : RHP Tomás Marte
Batting: SHB Jacob Knapp 0-0: Swinging Strike
0-1: Called Strike
0-2: Foul Ball, location: 2F
0-2: Foul Ball, location: 2F
0-2: Ball
1-2: Ball
2-2: Ball
3-2: Ground out 4-3 (Groundball, 4)
Batting: RHB Rob DeWitt 0-0: Ball
1-0: Called Strike
1-1: Swinging Strike
1-2: Strikes out looking
Batting: LHB Mauro Díaz 0-0: Ball
1-0: Ball
2-0: Called Strike
2-1: Swinging Strike
2-2: Foul Ball, location: 2F
2-2: Foul Ball, location: 2F
2-2: Ball
3-2: Base on Balls
Batting: LHB Juan Lima 0-0: Called Strike
0-1: Swinging Strike
0-2: Strikes out swinging
Top of the 12th over - 0 runs, 0 hits, 0 errors, 1 left on base; Key West 7 - Santa Fe 7
BOTTOM OF THE 12TH
Santa Fe Diablos batting - Pitching for Key West Barracudas : RHP Gerald Núñez
Pitching: RHP Dennis Grange
Batting: LHB Merrill Erickson 0-0: Called Strike
0-1: Ball
1-1: Foul Ball, location: 2F
1-2: Ball
2-2: Strikes out swinging passed ball, reaches first!
Pinch Runner at 1st Ed Dundee:
Batting: LHB Luis Torres 0-0: Ball
1-0: Called Strike
1-1: Called Strike
Ed Dundee steals 2nd base
1-2: Ball
2-2: Ball
3-2: Intentional Walk
Pinch Hitting: RHB Tim Adkins 0-0: Called Strike
Ed Dundee is caught stealing 3rd base
0-1: Ball
1-1: Fly out, F9 (Flyball, 89D)
Pinch Hitting: RHB Nick Vogel 0-0: Swinging Strike
0-1: Ball
1-1: Fly out, F9 (Flyball, 9S)
Bottom of the 12th over - 0 runs, 0 hits, 0 errors, 1 left on base; Key West 7 - Santa Fe 7
TOP OF THE 13TH
Key West Barracudas batting - Pitching for Santa Fe Diablos : RHP Tomás Marte
Pitching: RHP Tomás Rodríguez
Now at C: Eliot James
Now at SS: Tim Adkins
Now in RF: Ed Dundee
Batting: SHB Luis Manuel López 0-0: Foul Ball, location: 2F
0-1: Ball
1-1: Called Strike
1-2: Ball
2-2: Strikes out looking
Batting: RHB Chris Adams 0-0: Ball
1-0: Reached on error, E5 (Groundball, 56)
Batting: LHB Domingo Ledesma 0-0: Called Strike
0-1: Ball
1-1: Fielders Choice at 2nd, 1-6 (Groundball, 13)
Batting: SHB Héctor Jiménez 0-0: Called Strike
0-1: Fly out, F4 (Flyball, 4D)
Top of the 13th over - 0 runs, 0 hits, 1 error, 1 left on base; Key West 7 - Santa Fe 7
BOTTOM OF THE 13TH
Santa Fe Diablos batting - Pitching for Key West Barracudas : RHP Dennis Grange
Batting: SHB Ángel Díaz 0-0: Fly out, F3 (Line Drive, 3L)
Batting: LHB David Hernández 0-0: Ball
1-0: Ball
2-0: Ball
3-0: Called Strike
3-1: SOLO HOME RUN (Flyball, 9D), Distance : 352 ft
Saturday, December 16th, 2017 - OOTP Baseball 18.8 Build 76